 Dungeon Crawl Stone Soup version 0.30-b1-2-g02819fbbbe (webtiles) character file.

Game seed: 16824730647626598014

215658 LLlMATKO the Spry (level 18, -2/173 HPs)
             Began as a Minotaur Berserker on Nov 20, 2023.
             Was a High Priest of Trog.
             Killed from afar by a deep elf zephyrmancer (9 damage)
             ... with a bolt of lightning
             ... on level 1 of the Elven Halls on Nov 21, 2023.
             The game lasted 00:41:10 (33797 turns).

LLlMATKO the Spry (Minotaur Berserker)             Turns: 33797, Time: 00:41:11

Health: -2/173     AC: 27    Str: 29    XL:     18   Next: 33%
Magic:  17/17      EV: 16    Int:  4    God:    Trog [*****.]
Gold:   2221       SH: 19    Dex: 11    Spells: 17/17 levels left

rFire   + + .        W - +2 hand axe (heavy)
rCold   + . .        Z - +1 kite shield of Contentment {rPois rF+ rCorr SInv}
rNeg    + . .        z - +8 chain mail of Rahuthre {rElec}
rPois   +            J - +0 hat {SInv}
rElec   +            F - scarf {rC+ rF+}
rCorr   +            m - +0 pair of gloves
SInv    +            c - +1 pair of boots
Will    ++...        A - amulet of Duvouluq {Reflect rN+ SH+5 SInv} Stlth
                     i - ring of willpower
HPRegen 0.48/turn    q - ring of resist corrosion
MPRegen 0.15/turn

%: random rage (3%), reflection
@: studying Maces & Flails
A: horns 2, retaliatory headbutt, berserk 1
}: 1/15 runes: serpentine
a: Renounce Religion, Berserk, Trog's Hand, Brothers in Arms


You were on level 1 of the Elven Halls.
You worshipped Trog.
Trog was extremely pleased with you.
You visited 5 branches of the dungeon, and saw 27 of its levels.
You visited the Abyss 1 time.
You also visited: Sewer.

You collected 2616 gold pieces.
You spent 395 gold pieces at shops.

Inventory:

Hand Weapons
 k - a +0 war axe
 y - a +0 war axe
 E - a +2 broad axe of pain
 P - a +0 broad axe
 W - a +2 heavy hand axe (weapon)
Missiles
 o - 5 curare-tipped darts (quivered)
 v - 27 poisoned darts
 I - 3 throwing nets
Armour
 b - the +5 plate armour of Bitterness {MP+9 Int+3}
   (You found it on level 1 of the Orcish Mines)

   Int:       It affects your intelligence (+3).
   MP:        It affects your magic capacity (+9).
 c - a +1 pair of boots (worn)
 m - a +0 pair of gloves (worn)
 z - the +8 chain mail of Rahuthre (worn) {rElec}
   (You found it on level 6 of the Dungeon)

   rElec:     It insulates you from electricity.
 F - a scarf of resistance (worn)
 J - a +0 hat of see invisible (worn)
 Z - the +1 kite shield of Contentment (worn) {rPois rF+ rCorr SInv}
   (You found it on level 14 of the Dungeon)

   rF:        It protects you from fire.
   rPois:     It protects you from poison.
   SInv:      It lets you see invisible.
   rCorr:     It protects you from acid and corrosion.
Jewellery
 g - the ring "Mass" {Contam rF+ AC+4 Str+2}
   (You found it on level 15 of the Dungeon)

   [ring of protection]

   AC:        It affects your AC (+4).
   Str:       It affects your strength (+2).
   rF:        It protects you from fire.
   Contam:    It causes magical contamination when unequipped.
 i - a ring of willpower (left hand)
 j - an amulet of regeneration
 p - a +6 ring of intelligence
 q - a ring of resist corrosion (right hand)
 w - a ring of magical power
 A - the amulet of Duvouluq (around neck) {Reflect rN+ SH+5 SInv}
   (You acquired it on level 11 of the Dungeon)

   [amulet of reflection]

   It reflects blocked missile attacks.
   rN:        It protects you from negative energy.
   SInv:      It lets you see invisible.
   SH:        It affects your SH (+5).
 U - a ring of ice
 X - a ring of ice
 Y - a ring of fire
Wands
 d - a wand of roots (6)
 e - a wand of polymorph (5)
 u - a wand of flame (46)
 x - a wand of charming (18)
 H - a wand of mindburst (28)
 M - a wand of light (17)
Scrolls
 h - 2 scrolls of enchant weapon
 r - 18 scrolls of identify
 s - 9 scrolls of poison
 t - 2 scrolls of magic mapping
 B - a scroll of silence
 D - 5 scrolls of teleportation
 O - 5 scrolls of enchant armour
 R - 2 scrolls of summoning
 S - 2 scrolls of fog
 V - 2 scrolls of blinking
Potions
 a - 3 potions of might
 f - 5 potions of haste
 l - 12 potions of curing
 n - 5 potions of resistance
 C - a potion of ambrosia
 K - 6 potions of heal wounds
 N - 3 potions of flight


   Skills:
 + Level 18.3 Fighting
 + Level 18.3 Axes
 + Level 18.1 Armour
 + Level 19.5 Dodging
 + Level 16.5 Shields


You had 17 spell levels left.
You didn't know any spells.
Your spell library was empty.

Dungeon Overview and Level Annotations

Branches:
Dungeon (15/15)            Temple (0/1) D:5            Lair (5/5) D:9
  Swamp (0/4) Lair:2        Snake (4/4) Lair:2        Slime (0/5) Lair:5
    Orc (2/2) D:12            Elf (1/3) Orc:2        Vaults (0/5) D:14
 Depths (0/4) D:15          Sewer (visited)

Altars:
Ashenzari
Elyvilon
Hepliaklqana
Makhleb
Qazlal
Ru
Trog
Vehumet
Xom
Yredelemnul
Jiyva

Shops:
D:1 :?((   D:4 (   D:7 *   D:9 !   D:10 [   D:12 [   Orc:2 (=*!

Portals:
Pandemonium: Orc:2
Trove: D:13 (give +4 ice dragon scales)

Annotations:
D:15 3 runed translucent doors, yogakurto's ghost, journeyman MiMo


Innate Abilities, Weirdness & Mutations

You have a pair of horns on your head.
You reflexively headbutt those who attack you in melee.
You sometimes lose your temper in combat.


Message History

The deep elf zephyrmancer blinks!
The deep elf zephyrmancer hits you but does no damage.
You block the deep elf zephyrmancer's attack.
The deep elf zephyrmancer gestures wildly while chanting.
The deep elf zephyrmancer blinks!
The deep elf zephyrmancer gestures at you while chanting.
The bolt of lightning hits you. You resist.
* * * LOW HITPOINT WARNING * * *
The bolt of lightning misses you.
You block the deep elf zephyrmancer's attack.
You block the deep elf zephyrmancer's attack.
The deep elf zephyrmancer casts a spell.
The deep elf zephyrmancer blinks!
The deep elf zephyrmancer misses you. You furiously retaliate!
You headbutt the deep elf zephyrmancer!
You kill the deep elf zephyrmancer!
Trog accepts your kill.
Trog appreciates your killing of a magic user.
You block the deep elf zephyrmancer's attack.
The deep elf zephyrmancer casts a spell at you.
The bolt of lightning hits you. You resist.
* * * LOW HITPOINT WARNING * * *
The bolt of lightning misses you.
You hear a shout!
The deep elf zephyrmancer gestures at you while chanting.
The bolt of lightning hits you. You resist.
* * * LOW HITPOINT WARNING * * *
The bolt of lightning hits you! You resist.
* * * LOW HITPOINT WARNING * * *
The deep elf zephyrmancer gestures at you while chanting.
The bolt of lightning hits you. You resist.
* * * LOW HITPOINT WARNING * * *
The bolt of lightning hits you. You resist.
* * * LOW HITPOINT WARNING * * *
The deep elf zephyrmancer gestures wildly while chanting.
The deep elf zephyrmancer blinks!
The deep elf zephyrmancer casts a spell at you.
The bolt of lightning misses you. x2
The deep elf zephyrmancer points at you and mumbles some strange words.
The bolt of lightning hits you! You resist.
You die...

#####
#...#####.#
#.e.......#
#....######
#.....e@..#
#...#####.#
##### ..
... #.. #


You could see 2 deep elf zephyrmancers.

Vanquished Creatures
  Vashnia (Snake:4)
  Rupert (D:14)
  Gastronok (Lair:1)
  Kirke (Snake:2)
  Donald (Orc:2)
  3 nagarajas
  The ghost of Mesuenwa the Eclecticist, an adept DEHW of Sif Muna (Snake:2)
  Aizul (Snake:1)
  2 deep elf elementalists (Orc:1)
  A stone giant (D:15)
  The ghost of Plazmod the Devastator, a journeyman DECj of Vehumet (Lair:5)
  An ettin (Orc:1)
  Snorg (Orc:1)
  A great orb of eyes (Abyss:1)
  4 salamander tyrants (Snake:4)
  Harold (D:9)
  3 vault guards (D:14)
  8 hydras
  Erolcha (Orc:1)
  A death knight (D:11)
  4 catoblepae
  2 demonspawn (Orc:2)
  7 anacondas
  Erica (Lair:2)
  2 centaur warriors
  6 two-headed ogres
  7 boulder beetles
  5 death yaks (Lair:5)
  14 naga warriors
  A thrashing horror (Abyss:1)
  5 orc high priests
  Urug (Orc:1)
  7 shock serpents
  3 tengu warriors
  10 naga sharpshooters
  A soul eater (Orc:2)
  A sun demon (Orc:2)
  Nergalle (Lair:2)
  A skyshark (Lair:3)
  5 salamander mystics
  2 spectral anacondas (Snake:1)
  A large abomination (Abyss:1)
  A deep troll (Orc:1)
  A wizard (D:15)
  A bog body (Lair:2)
  A harpy (shapeshifter) (D:11)
  7 naga ritualists
  A necromancer (D:15)
  3 deep elf zephyrmancers
  5 orc knights
  4 ugly things
  5 deep elf pyromancers
  14 mana vipers
  2 oklob plants
  9 orc sorcerers
  A worldbinder (Abyss:1)
  A wolf spider (D:15)
  Maurice (D:8)
  3 moths of wrath
  3 cyclopes
  21 salamanders
  6 manticores
  7 elephants (Lair:3)
  9 guardian serpents
  42 black mambas
  A spectral sea snake (Snake:1)
  Maggie (D:7)
  2 gargoyles
  A torpor snail (Lair:4)
  11 naga magi
  10 cane toads
  3 rime drakes
  A freezing wraith (D:14)
  A yaktaur (shapeshifter) (D:14)
  2 efreet
  11 komodo dragons
  A yaktaur (D:11)
  A sea snake skeleton (Snake:1)
  2 anaconda simulacra (Snake:1)
  11 trolls
  A silent spectre (Orc:1)
  A red devil (Orc:2)
  A troll (shapeshifter) (D:15)
  An ancient zyme (Abyss:1)
  A polar bear (Lair:2)
  A hornet (Lair:2)
  2 raiju (Abyss:1)
  2 blink frogs (shapeshifter)
  9 blink frogs
  2 spectral guardian serpents (Snake:1)
  A dream sheep (Lair:5)
  Sigmund (D:3)
  2 slime creatures
  2 wraiths (D:11)
  A ynoxinul (Abyss:1)
  A shadow (D:10)
  4 wyverns
  A centaur simulacrum (D:11)
  65 yaks
  6 basilisks
  3 hogs (Snake:2)
  8 humans (D:14)
  3 golden eyes (Abyss:1)
  A basilisk (shapeshifter) (D:13)
  2 sea snake simulacra (Snake:1)
  2 steam dragons
  A neqoxec (Orc:2)
  47 nagas
  9 vampire mosquitoes
  3 wargs
  13 water moccasins
  A sky beast (D:6)
  2 small abominations (Abyss:1)
  2 black bears (D:9)
  33 orc warriors
  2 guardian serpent simulacra (Snake:1)
  22 wolves
  8 ogres
  8 centaurs
  A phantom (D:4)
  6 kobold brigands
  2 gnoll sergeants
  4 scorpions
  13 bullfrogs
  A wight (D:9)
  4 spectral nagas (Snake:1)
  23 killer bees
  8 howler monkeys
  4 electric eels
  A crimson imp (D:4)
  3 gnoll boudas
  2 hounds
  A quasit (Abyss:1)
  18 orc priests
  4 jellies
  4 iguanas
  Ijyb (D:3)
  A sleepcap (D:4)
  13 orc wizards
  A naga skeleton (Snake:1)
  10 adders
  11 gnolls
  6 naga simulacra (Snake:1)
  2 river rats (Sewer)
  A white imp (D:8)
  4 ufetubi
  3 worms
  2 dart slugs
  63 orcs
  4 endoplasms
  4 giant cockroaches
  11 goblins
  8 hobgoblins
  11 jackals
  5 quokkas
  8 ball pythons
  3 bats
  7 frilled lizards
  16 kobolds
  9 rats
  A spectral orc (D:5)
  A lurking horror (Abyss:1)
909 creatures vanquished.

Vanquished Creatures (collateral kills)
  Sonja (Lair:1)
  A phantasmal warrior (Abyss:1)
  A naga mage (Snake:4)
  2 raiju (Abyss:1)
  A wraith (Abyss:1)
  A naga (Snake:4)
  A small abomination (Abyss:1)
8 creatures vanquished.

Vanquished Creatures (others)
  An ogre mage (Orc:1)
  A necromancer (D:15)
  A wizard (D:11)
  A deep elf pyromancer (Orc:1)
  A troll (Orc:1)
  A human (D:14)
  25 fungi
  53 plants
84 creatures vanquished.

Grand Total: 1001 creatures vanquished

Notes
Turn   | Place    | Note
-------+----------+-------------------------------------------
     0 | D:1      | LLlMATKO the Minotaur Berserker began the quest for the
                  | Orb.
     0 | D:1      | Reached XP level 1. HP: 19/19 MP: 0/0
   218 | D:1      | Found Zipo's Antique Weapon Boutique.
   222 | D:1      | Found Corroxekh's Magic Scroll Boutique.
   283 | D:1      | Reached XP level 2. HP: 27/27 MP: 1/1
   402 | D:1      | Found Lyulevunef's Antique Weapon Shoppe.
   479 | D:1      | Found Yxtucs's Book Emporium.
   750 | D:2      | Reached XP level 3. HP: 30/33 MP: 2/2
   752 | D:2      | Reached ** piety under Trog
  1400 | D:2      | Reached skill level 3 in Dodging
  1599 | D:3      | Reached XP level 4. HP: 41/41 MP: 3/3
  1692 | D:3      | Noticed Sigmund
  1693 | D:3      | Found a glowing drain.
  1700 | D:3      | Killed Sigmund
  1701 | D:3      | Reached skill level 5 in Fighting
  1701 | D:3      | Reached skill level 5 in Axes
  1701 | D:3      | Reached XP level 5. HP: 46/48 MP: 4/4
  1760 | Sewer    | Entered a sewer
  1765 | Sewer    | Reached XP level 6. HP: 56/56 MP: 5/5
  1854 | Sewer    | Reached skill level 4 in Dodging
  1885 | Sewer    | Reached *** piety under Trog
  2435 | D:3      | Noticed Ijyb
  2444 | D:3      | Killed Ijyb
  2505 | D:3      | Found a radiant altar of Vehumet.
  2895 | D:4      | Reached skill level 5 in Armour
  2895 | D:4      | Reached XP level 7. HP: 60/62 MP: 6/6
  2941 | D:4      | Found a burning altar of Makhleb.
  2941 | D:4      | Found a shimmering altar of Xom.
  3295 | D:4      | Reached skill level 5 in Dodging
  3340 | D:4      | Found Bifywo's Weapon Emporium.
  3678 | D:5      | Entered Level 5 of the Dungeon
  4009 | D:5      | Reached XP level 8. HP: 53/71 MP: 7/7
  4161 | D:5      | Found a staircase to the Ecumenical Temple.
  4217 | D:5      | Found a hazy altar of Hepliaklqana.
  4219 | D:5      | Reached **** piety under Trog
  4267 | D:5      | Reached skill level 6 in Dodging
  4522 | D:5      | Reached XP level 9. HP: 78/81 MP: 8/8
  4711 | D:6      | Identified the +8 chain mail of Rahuthre {rElec}
  4757 | D:6      | Reached skill level 7 in Dodging
  5105 | D:6      | You fall into a shaft and drop 1 floor!
  5266 | D:7      | Reached skill level 1 in Shields
  5598 | D:7      | Found a white marble altar of Elyvilon.
  6022 | D:7      | Reached skill level 8 in Dodging
  6033 | D:7      | Noticed Maggie
  6036 | D:7      | Found Opleqiw's Neck Hole.
  6048 | D:7      | Killed Maggie
  6049 | D:7      | Reached XP level 10. HP: 91/91 MP: 9/9
  6077 | D:7      | Bought a scarf of resistance for 320 gold pieces
  6195 | D:7      | Found a basalt altar of Yredelemnul.
  6195 | D:7      | Found a broken altar of Ashenzari.
  6518 | D:8      | Noticed a two-headed ogre
  6528 | D:8      | Killed a two-headed ogre
  6791 | D:8      | Noticed Maurice
  6843 | D:8      | Killed Maurice
  6911 | D:8      | Reached skill level 10 in Fighting
  6911 | D:8      | Reached skill level 10 in Axes
  6911 | D:8      | Reached skill level 5 in Shields
  6915 | D:8      | Reached skill level 9 in Dodging
  7311 | D:9      | Noticed a two-headed ogre
  7322 | D:9      | Reached skill level 10 in Armour
  7326 | D:9      | Killed a two-headed ogre
  7327 | D:9      | Reached XP level 11. HP: 101/101 MP: 7/10
  7388 | D:9      | Found Etyadd's Distillery.
  7611 | D:9      | Reached ***** piety under Trog
  7674 | D:9      | Noticed Harold
  7678 | D:9      | Noticed a two-headed ogre
  7684 | D:9      | Killed Harold
  7689 | D:9      | Killed a two-headed ogre
  7962 | D:9      | Found a staircase to the Lair.
  8015 | D:9      | Found a stormy altar of Qazlal.
  8275 | D:10     | Entered Level 10 of the Dungeon
  8362 | D:10     | Noticed a boulder beetle
  8409 | D:10     | Killed a boulder beetle
  8636 | D:10     | Found Xusud's Armour Shoppe.
  8997 | D:10     | Found a bloodstained altar of Trog.
  9059 | D:10     | Reached skill level 10 in Dodging
  9433 | D:11     | Identified a scroll of acquirement
  9433 | D:11     | Acquired the amulet of Duvouluq {Reflect rN+ SH+5 SInv}
  9446 | D:11     | Noticed a deep elf pyromancer
  9473 | D:11     | Killed a deep elf pyromancer
  9592 | Lair:1   | Entered Level 1 of the Lair of Beasts
  9594 | Lair:1   | Noticed Sonja
  9602 | Abyss:1  | Cast into level 1 of the Abyss (Sonja)
  9664 | Abyss:1  | Noticed a great orb of eyes
  9675 | Abyss:1  | Killed a great orb of eyes
  9787 | Abyss:1  | Noticed a large abomination
  9804 | Abyss:1  | Killed a large abomination
  9805 | Abyss:1  | Reached XP level 12. HP: 75/111 MP: 11/11
  9819 | Abyss:1  | Found a corrupted altar of Lugonu.
  9976 | Abyss:1  | Found a corrupted altar of Lugonu.
  9984 | Abyss:1  | Noticed a naga warrior
 10009 | Lair:1   | Escaped the Abyss
 10073 | Lair:1   | Killed Sonja
 10200 | Lair:1   | Reached skill level 11 in Dodging
 10317 | Lair:1   | Noticed Gastronok
 10332 | Lair:1   | Killed Gastronok
 10670 | Lair:1   | Noticed a six-headed hydra
 10682 | Lair:1   | Killed a ten-headed hydra
 11623 | Lair:2   | Found a staircase to the Snake Pit.
 11902 | Lair:2   | Noticed Erica
 11912 | Lair:2   | Killed Erica
 11977 | Lair:2   | Reached XP level 13. HP: 105/119 MP: 12/12
 12082 | Lair:2   | Noticed Nergalle
 12093 | Lair:2   | Killed Nergalle
 12155 | Lair:2   | Reached skill level 10 in Shields
 12472 | Lair:2   | Found a staircase to the Swamp.
 13134 | Lair:3   | Reached skill level 12 in Dodging
 13297 | Lair:3   | Acquired a manual of Dodging
 15030 | Lair:5   | Entered Level 5 of the Lair of Beasts
 15132 | Lair:5   | Found a viscous altar of Jiyva.
 15134 | Lair:5   | Found a staircase to the Slime Pits.
 15171 | Lair:5   | Reached skill level 13 in Dodging
 15466 | Lair:5   | Found a transporter.
 15527 | Lair:5   | Reached XP level 14. HP: 124/132 MP: 13/13
 15541 | Lair:5   | Noticed Plazmod's ghost (journeyman DECj)
 15913 | Lair:5   | Found a transporter.
 17076 | Lair:5   | Reached skill level 14 in Dodging
 17206 | Lair:5   | Killed Plazmod's ghost
 17208 | Lair:5   | Identified the ring "Iqut" {Wiz Fly rElec Will-}
 18514 | D:12     | Found a staircase to the Orcish Mines.
 19000 | D:12     | Found Hamp's Antique Armour Emporium.
 19072 | D:12     | Found a sacrificial altar of Ru.
 19466 | D:1      | Bought a scroll of blinking for 75 gold pieces
 19764 | D:13     | Identified the +5 scimitar of Embarrassment {holy, Dex+3}
 19894 | D:13     | Reached skill level 15 in Fighting
 19945 | D:13     | Reached skill level 15 in Axes
 20135 | D:13     | Identified the +9 long sword of Esuokk {flame, rN+ rCorr}
 20222 | D:13     | Found a portal to a secret trove of treasure.
 20533 | D:14     | Reached skill level 15 in Dodging
 20779 | D:14     | Found a gate to the Vaults.
 20785 | D:14     | Identified the +1 kite shield of Contentment {rPois rF+
                  | rCorr SInv}
 20886 | D:14     | Noticed Rupert
 20900 | D:14     | Reached skill level 15 in Armour
 20909 | D:14     | Killed Rupert
 20910 | D:14     | Reached XP level 15. HP: 43/141 MP: 14/14
 21170 | D:14     | Received a gift from Trog
 21262 | D:14     | Reached XP level 16. HP: 149/149 MP: 15/15
 21754 | Orc:1    | Entered Level 1 of the Orcish Mines
 21842 | Orc:1    | Reached skill level 16 in Dodging
 21863 | Orc:1    | Found a transporter.
 21990 | Orc:1    | Noticed Urug
 22000 | Orc:1    | Killed Urug
 22096 | Orc:1    | Found a transporter.
 22096 | Orc:1    | Found a runed translucent door.
 22096 | Orc:1    | Found a bloodstained altar of Trog.
 22096 | Orc:1    | Found the +8 Wrath of Trog {antimagic, *Rage Rampage}
 22096 | Orc:1    | Found the +7 mace of Variability {chaos, chaos arc}
 22573 | Orc:1    | Identified the +5 plate armour of Bitterness {MP+9 Int+3}
 22606 | Orc:1    | Noticed Snorg
 22612 | Orc:1    | Noticed Erolcha
 22618 | Orc:1    | Killed Snorg
 22626 | Orc:1    | Killed Erolcha
 22894 | Orc:2    | Entered Level 2 of the Orcish Mines
 22909 | Orc:2    | Noticed Donald
 22928 | Orc:2    | Killed Donald
 23161 | Orc:2    | Found a staircase to the Elven Halls.
 23321 | Orc:2    | Found Rino Jynk's General Store.
 23338 | Orc:2    | Found Coonid's Distillery.
 23342 | Orc:2    | Gained mutation: You sometimes lose your temper in combat.
                  | [a neqoxec]
 23380 | Orc:2    | Received a gift from Trog
 24480 | Orc:2    | Reached skill level 17 in Dodging
 24568 | Orc:2    | Found Hiuj's Jewellery Shop.
 24568 | Orc:2    | Found a one-way gate leading to the halls of Pandemonium.
 24568 | Orc:2    | Found Vaxzo's Antique Weapon Boutique.
 24715 | D:15     | Entered Level 15 of the Dungeon
 25180 | D:15     | Found a staircase to the Depths.
 25349 | D:15     | Found a runed translucent gate.
 25349 | D:15     | Found a runed translucent gate.
 25349 | D:15     | Found a runed translucent gate.
 25350 | D:15     | Noticed yogakurto's ghost (journeyman MiMo)
 25368 | D:15     | Identified the ring "Mass" {Contam rF+ AC+4 Str+2}
 25561 | D:15     | Found a stormy altar of Qazlal.
 25836 | Snake:1  | Entered Level 1 of the Snake Pit
 26499 | Snake:1  | Reached XP level 17. HP: 160/160 MP: 16/16
 26928 | Snake:1  | Noticed Aizul
 26948 | Snake:1  | Killed Aizul
 27040 | Snake:1  | Received a gift from Trog
 27193 | Snake:1  | Reached skill level 18 in Dodging
 27455 | Snake:2  | Reached skill level 15 in Shields
 27589 | Snake:2  | Found a runed translucent door.
 27589 | Snake:2  | Noticed Mesuenwa's ghost (adept DEHW)
 28255 | Snake:2  | Noticed Kirke
 28270 | Snake:2  | Killed Kirke
 28274 | Snake:2  | Received a gift from Trog
 29011 | Snake:2  | Killed Mesuenwa's ghost
 29470 | Snake:3  | Found a bloodstained altar of Trog.
 29787 | Snake:3  | Reached skill level 19 in Dodging
 30824 | Snake:4  | Entered Level 4 of the Snake Pit
 31231 | Snake:4  | Identified the +1 spear of Kucin {freeze, Str+3}
 31346 | Snake:4  | Received a gift from Trog
 31531 | Snake:4  | Reached XP level 18. HP: 171/171 MP: 17/17
 31539 | Snake:4  | Noticed Vashnia
 31951 | Snake:4  | Killed Vashnia
 33180 | Snake:4  | Got a serpentine rune of Zot
 33607 | Elf:1    | Entered Level 1 of the Elven Halls
 33795 | Elf:1    | HP: 6/173 [deep elf zephyrmancer/bolt of lightning (5)]
 33797 | Elf:1    | Killed from afar by a deep elf zephyrmancer

Illustrated notes

Levels and vault maps discovered:
D:1:      matt_arrival_grand_opening, layout_loops_ring, serial_shops,
          shop_statue, shop, shop, nicolae_book_shop_shelving
D:2:      layout_rooms, serial_glass, glass_columns_a, glass_columns_c,
          feat_on_display, item_on_display_a, feat_on_display,
          kennysheep_small_spiral
D:3:      layout_loops_ring, mainiacjoe_overflow_catwalk, gup_sewer_entry_glass,
          uniq_sigmund, uniq_ijyb
D:4:      layout_loops_cross, grunt_temple_overflow_champion_of_chaos,
          serial_shops, shop_fountains
D:5:      layout_loops_cross, nicolae_hepliaklqana_monster_ancestors,
          minmay_temple_entry_antechambers
D:6:      layout_basic
D:7:      minmay_clustersquares, layout_loops_ring,
          mainiacjoe_overflow_alcove_1, amethyst_overflow_temple_binary,
          nicolae_shop_sticking_my_neck_out, uniq_maggie
D:8:      layout_cave_pools, uniq_maurice
D:9:      layout_loops_ring, mainiacjoe_overflow_concentric_impassable,
          grunt_lair_entry_orc_guard_hut, serial_shops, shop,
          minmay_chambers_of_fives, uniq_harold
D:10:     layout_irregular_city, trog_butcher_becter, serial_shops, shop,
          minivault_1
D:11:     layout_rooms, grunt_tough_drop
D:12:     layout_roguey, david_orc_2, serial_shops, nicolae_shop_crystal,
          hangedman_ru_absence
D:13:     layout_loops_ring, enter_trove_1
D:14:     layout_roguey, ximxim_vaults_locker_room, minmay_misc_feat_diagonals,
          uniq_rupert
D:15:     hangedman_depths_entry_civil_slaughter, layout_rooms,
          lemuel_coloured_pillars_altar, gammafunk_ghost_spectres,
          dreamdust_wishing_well
Lair:1:   layout_small_grid, uniq_sonja, uniq_gastronok
Lair:2:   layout_regular_city, skrybe_swamp_entry_bodies,
          nicolae_snake_entry_squirm, serial_bayou_lake_a, uniq_erica,
          uniq_nergalle
Lair:3:   layout_long_grid, wad_woods_river_01
Lair:4:   layout_long_grid, minivault_19, chequers_serial_rivers_room_a,
          minivault_24, grunt_megastairs_4, infiniplex_staircase_pool
Lair:5:   evilmike_catoblepas_cave, layout_gridlike,
          minmay_slime_entry_oklob_enclosed, gammafunk_ghost_berserking_beasts
Snake:1:  layout_concentric_octagons, nicolae_snake_the_dead_are_slithering,
          grunt_megastairs_2, uniq_aizul
Snake:2:  layout_misc_corridors, hellmonk_ghost_happy_afterlife, st_stairs_10,
          uniq_kirke
Snake:3:  layout_grid_maze, lemuel_oklob_altar, lemuel_fruit_tree
Snake:4:  johnstein_snake_rune_scales, layout_rooms, grunt_megastairs_1
Orc:1:    emtedronai_trogs_sanctum, layout_caves, uniq_urug, uniq_snorg,
          uniq_erolcha
Orc:2:    pf_orc_diabolical, layout_caves, uniq_donald
Elf:1:    eino_elf_arrival_altar, layout_loops_corners, serial_shops, shop,
          minivault_28, nicolae_elf_archery_training

Skill      XL: |  1  2  3  4  5  6  7  8  9 10 11 12 13 14 15 16 17 18 |
---------------+-------------------------------------------------------+-----
Fighting       | 4 5 6 7 9 10 11 12 14 15 16 17 18 | 18.3
Axes           | 4 5 6 7 9 10 11 12 14 15 16 17 18 | 18.3
Armour         | 3 4 5 6 7 8 10 11 12 13 15 16 17 18 | 18.1
Dodging        | 3 4 5 6 8 9 10 11 13 15 17 19 | 19.5
Shields        | 3 5 8 9 11 12 13 14 16 | 16.5

Action                     |  1- 3 |  4- 6 |  7- 9 | 10-12 | 13-15 | 16-18 || total
---------------------------+-------+-------+-------+-------+-------+-------++-------
  Melee: Hand axe          |    60 |       |       |       |     1 |  1258 ||  1319
         Headbutt          |    12 |    10 |    40 |   130 |   221 |   312 ||   725
         Punch             |     1 |     1 |     2 |       |       |       ||     4
         War axe           |    21 |    65 |   209 |   537 |   260 |       ||  1092
         Broad axe         |       |       |       |       |   506 |       ||   506
  Throw: Dart              |       |       |       |     1 |     2 |     4 ||     7
 Invoke: Berserk           |     1 |     3 |     3 |    14 |    14 |    15 ||    50
         Trog's Hand       |       |       |       |     8 |     3 |     4 ||    15
         Brothers in Arms  |       |       |       |     2 |       |     5 ||     7
    Use: Scroll            |     5 |     1 |       |     8 |    13 |     5 ||    32
         Potion            |       |       |       |       |     2 |     2 ||     4
   Stab: Invisible         |       |       |       |       |       |     5 ||     5
         Petrifying        |       |       |       |       |       |     1 ||     1
 Armour: Animal skin       |    10 |    18 |     8 |       |       |       ||    36
         Chain mail        |       |       |    63 |   287 |   381 |   456 ||  1187
         Scale mail        |       |       |     1 |       |       |       ||     1
         Plate armour      |       |       |    40 |       |       |       ||    40
  Dodge: Dodged            |    53 |    60 |   121 |   271 |   369 |   572 ||  1446
  Block: Buckler           |       |       |     8 |   240 |   364 |       ||   612
         Reflection        |       |       |       |     3 |    10 |   105 ||   118
         Kite shield       |       |       |       |       |   158 |  1250 ||  1408
